[Event "Early-Titled-Tuesday-Blitz-March-19-2024"]
[Site "Chess.com"]
[Date "2024.03.19"]
[Round "7"]
[White "JonasEilenberg"]
[Black "LeoWin2012"]
[Result "1-0"]
[WhiteElo "2573"]
[BlackElo "2230"]
[TimeControl "180+1"]
[EndTime "9:19:59 PDT"]
[Termination "JonasEilenberg won on time"]

1. d4 Nf6 2. Nf3 g6 3. Nbd2 Bg7 4. e4 d6 5. Bd3 Nbd7 6. O-O e5 7. c3 O-O 8. Re1 Re8 9. a4 exd4 10. cxd4 c5 11.
d5 Nb6 12. a5 Nbd7 13. Nc4 Qc7 14. Bf4 Ne5 15. Nfxe5 dxe5 16. d6 Qc6 17. Bxe5 Be6 18. Bxf6 Bxf6 19. e5 Bxc4 20. Bxc4 Bxe5 21. Bd5 Qxd6 22.
Qf3 Re7 23. a6 Rae8 24. g3 b6 25. Rad1 Qc7 26. Kg2 Kg7 27. b3 Bd4 28. Rxe7 Rxe7 29. Bc4 Be5 30. h4 Rd7 31. Re1 Bf6 32. h5 Re7 33.
Rh1 Qe5 34. hxg6 fxg6 35. Rd1 Qe4 36. Rd6 Qxf3+ 37. Kxf3 Be5 38. Rd8 h5 39. Rg8+ Kh6 40. Bd3 Rf7+ 41. Kg2 Rg7 42. Rh8+ Rh7 43. Re8 Bd4 44.
Re6 Rg7 45. f4 Kh7 46. Kf3 Kh8 47. Bxg6 b5 48. Bxh5 c4 49. bxc4 bxc4 50. Rc6 c3 51. Bg4 Re7 52. Bf5 Kg7 53. Kg4 Re3 54. Rc7+ Kf6 55.
Rc6+ Kg7 56. Kh4 Rf3 57. g4 Rxf4 58. Kg5 Rf2 59. Rc7+ Kf8 60. Kg6 Rg2 61. Be4 Rxg4+ 62. Kf5 Rg3 63. Ke6 1-0

[Event "Early-Titled-Tuesday-Blitz-March-19-2024"]
[Site "Chess.com"]
[Date "2024.03.19"]
[Round "7"]
[White "Chess_Gainz"]
[Black "arenal72"]
[Result "1-0"]
[WhiteElo "2550"]
[BlackElo "2649"]
[TimeControl "180+1"]
[EndTime "9:20:01 PDT"]
[Termination "Chess_Gainz won by resignation"]

1. e4 Nc6 2. Nf3 d6 3. d4 Nf6 4. Nc3 g6 5. h3 Bg7 6. Bg5 O-O 7. d5 Nb8 8. Qd2 a6 9. Bh6 b5 10. Bd3 c5 11. dxc6 Nxc6 12. O-O-O Qa5 13. Kb1 Be6 14. Bxg7 Kxg7 15. Ng5 b4 16. Nxe6+ fxe6 17. Ne2 Nd7 18. f4 Nc5 19. g4 Rab8 20. h4 Na4 21. Ka1 e5 22. f5 Nd4 23. h5 gxf5 24. gxf5 Nxe2 25.
Bxe2 Nc3 26. bxc3 bxc3 27. Qg5+ Kf7 28. Bc4+ Ke8 29. Bb3 Qa3 30. Rb1 Kd8 31. Qe3 Qb4 32.
Rhd1 Rb7 33. Qd3 Qc5 34. Qxa6 Kc7 35. Qc4 Rfb8 36. Qxc5+ dxc5 37. Rd3 c4 38. Rxc3 Kd6 39. Rxc4 Kd7 40. Rc3 Ke8 41. Rd1 Kf8 42. Rg3 e6 43. Rg8+ Kxg8 44. Bxe6+ Kf8 45. Rg1 Ke7 46. c4 Kf6 47.
Rc1 Rc7 48. c5 Rb5 49. c6 Rb4 50. Bd5 Rd4 51. Kb2 Ke7 52. Kc3 Kd6 53. Ra1 Ra7 54. a4 Raxa4 55. Rxa4 Rxa4 56. Kb3 Rd4 57. Kc3 h6 58. f6 Rd1 59. f7 Rf1 60. Kc4 Rf4 61. Kb5 Kc7 62. Kc5 Rf1 63. Be6 Rf4 64. Bf5 Rxf5 65.
exf5 e4 66. f8=Q e3 67. Qe7+ 1-0

[Event "Early-Titled-Tuesday-Blitz-March-19-2024"]
[Site "Chess.com"]
[Date "2024.03.19"]
[Round "7"]
[White "SamCopeland"]
[Black "SlavenPastar"]
[Result "1/2-1/2"]
[WhiteElo "2364"]
[BlackElo "2554"]
[TimeControl "180+1"]
[EndTime "9:20:02 PDT"]
[Termination "Game drawn by stalemate"]

1. e4 b6 2. d4 Bb7 3. Nc3 e6 4. Nf3 Bb4 5. Bd3 Nf6 6. e5 Ne4 7. O-O Nxc3 8. bxc3 Bxc3 9. Bg5 Qc8 10. Rb1 Nc6 11.
Be4 h6 12. Be3 a5 13. Qd3 Bb4 14. Rfd1 Be7 15. c4 O-O 16. d5 Nb4 17. Qb3 d6 18. a3 Na6 19. Bc2 dxe5 20. Nxe5 f5 21. Ng6 Re8 22. Nxe7+ Rxe7 23. c5 exd5 24. Rxd5 Bxd5 25. Qxd5+ Kh8 26. Bxf5 Qd8 27. Qc6 Nxc5 28. Qg6 Kg8 29.
Bxc5 bxc5 30. Be6+ Rxe6 31. Qxe6+ Kh8 32. h3 Qd6 33.
Qe4 Rd8 34. Re1 Qd4 35. Qe7 c4 36. Re3 Rg8 37. Qe5 Qxe5 38. Rxe5 Rd8 39. Rc5 Rd1+ 40.
Kh2 Rc1 41. Rxc7 c3 42. g4 Kh7 43. Kg2 Kg6 44. f4 Kf6 45. Rc5 a4 46. Kf2 Ke6 47.
Ke3 Rh1 48. Rxc3 Rxh3+ 49. Kd4 Rxc3 50. Kxc3 g6 51. Kd4 h5 52. gxh5 gxh5 53. Ke4 Kf6 54. Kf3 Kf5 55. Kg3 Ke4 56. Kh4 Kxf4 57. Kxh5 Ke4 58.
Kg4 Kd4 59. Kf3 Kc3 60. Ke2 Kb3 61. Kd1 Kb2 62. Kd2 Kxa3 63. Kc2 Ka2 64. Kc1 a3 65. Kc2 Ka1 66. Kc1 a2 67. Kc2 1/2-1/2

[Event "Early-Titled-Tuesday-Blitz-March-19-2024"]
[Site "Chess.com"]
[Date "2024.03.19"]
[Round "7"]
[White "Chessbard1972"]
[Black "nicolasbatista3"]
[Result "0-1"]
[WhiteElo "2325"]
[BlackElo "2480"]
[TimeControl "180+1"]
[EndTime "9:20:02 PDT"]
[Termination "nicolasbatista3 won by checkmate"]

1. d4 d5 2. c4 c6 3. Nf3 Nf6 4. Nc3 e6 5. Bg5 Be7 6. e3 Nbd7 7. cxd5 exd5 8. Qc2 h6 9. Bf4 Nh5 10. Nxd5 cxd5 11.
Bc7 Bb4+ 12. Kd1 Qe7 13. Bd3 O-O 14. Rc1 Nhf6 15. Qb3 Bd6 16. Ba5 b6 17. Bc3 Ne4 18. Be1 Bb7 19. Kc2 a5 20. a4 Bb4 21. Bxb4 axb4 22. Rhf1 Bc6 23. Bb5 Bxb5 24. axb5 Ndf6 25. Ne5 Nd6 26. Qxb4 Rfc8+ 27. Kd3 Nf5 28. Qxe7 Nxe7 29.
f3 Kf8 30. g4 Ke8 31. h4 Nd7 32.
Nc6 Nxc6 33. bxc6 Nb8 34. c7 Na6 35. g5 hxg5 36. hxg5 Rxc7 37. Ra1 Nb4+ 38. Kd2 Rxa1 39.
Rxa1 Rc2+ 40. Kd1 Rxb2 41. Ra8+ Ke7 42. Ra7+ Ke6 43. Rb7 Nd3 44. e4 dxe4 45. fxe4 f6 46. g6 f5 47. exf5+ Kf6 48. Rf7+ Kg5 49. f6 Kxg6 50.
Rxg7+ Kxf6 51. Rg3 Kf5 52. Rxd3 Ke4 53. Rd2 Rxd2+ 54. Kxd2 Kxd4 55. Kc2 Kc4 56. Kb2 Kb4 57. Ka2 Kc3 58. Ka3 b5 59. Ka2 Kc2 60. Ka3 Kc3 61.
Ka2 b4 62. Ka1 Kc2 63. Ka2 b3+ 64. Ka3 b2 65. Kb4 b1=Q+ 66. Kc5 Qb3 67. Kd6 Kc3 68. Ke7 Qc4 69. Kf6 Kd3 70. Kg5 Qd4 71. Kf5 Kc4 72. Ke6 Qd5+ 73. Kf6 Kc5 74. Ke7 Qc6 75. Kd8 Qb7 76. Ke8 Kd6 77. Kf8 Ke6 78. Kg8 Kf6 79. Kh8 Qg7# 0-1

[Event "Early-Titled-Tuesday-Blitz-March-19-2024"]
[Site "Chess.com"]
[Date "2024.03.19"]
[Round "7"]
[White "the_chess_child"]
[Black "vi_pranav"]
[Result "0-1"]
[WhiteElo "2870"]
[BlackElo "3056"]
[TimeControl "180+1"]
[EndTime "9:20:04 PDT"]
[Termination "vi_pranav won on time"]

1. e4 e5 2. f4 Bc5 3. Nf3 d6 4. Bc4 Nc6 5. d3 Nf6 6. f5 d5 7.
exd5 Nxd5 8. Ng5 Bxf5 9. Qf3 Be6 10. Nxe6 fxe6 11. Nc3 Nxc3 12. bxc3 Qd6 13. Bg5 Na5 14. Bb3 Rf8 15. Qh5+ Kd7 16. Qxh7 Rf7 17. Qe4 Raf8 18. Qa4+ Nc6 19. O-O-O Kc8 20. Qc4 Kd7 21. h4 a6 22. h5 Na5 23. Qa4+ Nc6 24. h6 gxh6 25. Bxh6 Rg8 26. Qe4 Kc8 27. Bd2 Nd8 28. Rdf1 Rfg7 29. Rh2 Rg4 30. Qe2 e4 31. Rh6 exd3 32. cxd3 Rxg2 33. Bxe6+ Nxe6 34. Qxe6+ Qxe6 35. Rxe6 Rh2 36. d4 Rgg2 37. Bf4 Ba3+ 38. Kd1 Rh3 39. Rf6 Rd3+ 40.
Ke1 Bb2 41. Rf8+ Kd7 42. Rf2 Bxc3+ 43. Kf1 Rxf2+ 44. Kxf2 Bxd4+ 45. Ke2 Ra3 46. Rf7+ Ke6 47. Rxc7 b5 48. Rc2 Kd5 49. Bc1 Rh3 50. Rd2 Ke4 51.
Kd1 Be3 52. Re2 Rh1+ 0-1

[Event "Early-Titled-Tuesday-Blitz-March-19-2024"]
[Site "Chess.com"]
[Date "2024.03.19"]
[Round "7"]
[White "NikitaShnadrygin"]
[Black "noblerone"]
[Result "0-1"]
[WhiteElo "2678"]
[BlackElo "2542"]
[TimeControl "180+1"]
[EndTime "9:20:04 PDT"]
[Termination "noblerone won on time"]

1. Nf3 d5 2. g3 Nf6 3. Bg2 Bf5 4. O-O c6 5. d4 e6 6. b3 Be7 7. Bb2 O-O 8. Nbd2 a5 9. c4 a4 10. Ne5 h6 11. e3 Nbd7 12. Qe2 Nxe5 13. dxe5 Nd7 14.
e4 dxe4 15. Nxe4 Bxe4 16. Bxe4 Qb6 17. Bc2 Rfd8 18. Rfd1 Nf8 19. Rxd8 Rxd8 20. Rd1 Rxd1+ 21. Qxd1 axb3 22. axb3 Bc5 23. Qd2 Bb4 24. Qd3 Bc5 25. Qd2 Bb4 26. Qe2 Bc5 27. Kg2 Bd4 28. Bc1 Qc5 29.
f4 Qb4 30. Qd2 Qb6 31. Kf3 c5 32. Qd3 Qc6+ 33. Qe4 Qa6 34. Be3 Bxe3 35. Kxe3 Qa1 36. Kf2 Qb2 37. Qe2 Qd4+ 38. Qe3 Qb2 39. Qd2 g6 40. Ke2 Qa1 41. Bd1 Qb1 42. Ke3 b6 43.
h4 Qa1 44. h5 Kg7 45. Qd3 gxh5 46. Kf2 Qb2+ 47. Be2 Qc1 48. Qf3 Qd2 49. Qxh5 Ng6 50. Qf3 Ne7 51. Qe3 Qb2 52. g4 Ng6 53. Kg3 Qa1 54. Bd3 Qb2 55. f5 Nxe5 56. Be4 Qd4 57. Qf4 Nd3 0-1

[Event "Early-Titled-Tuesday-Blitz-March-19-2024"]
[Site "Chess.com"]
[Date "2024.03.19"]
[Round "7"]
[White "The_Machine04"]
[Black "AlexanderKing"]
[Result "0-1"]
[WhiteElo "2817"]
[BlackElo "2641"]
[TimeControl "180+1"]
[EndTime "9:20:06 PDT"]
[Termination "AlexanderKing won by resignation"]

1. d4 d5 2. Nf3 c5 3. e3 Nf6 4.
Nbd2 e6 5. b3 Nc6 6. Bb2 cxd4 7.
exd4 Bd6 8. Bd3 Qc7 9. a3 O-O 10. O-O e5 11. dxe5 Nxe5 12. Nxe5 Bxe5 13. Bxe5 Qxe5 14. Nf3 Qc7 15. h3 Re8 16. Re1 Bd7 17.
Qd2 h6 18. Qb4 b6 19. Qd4 Qc5 20. b4 Qxd4 21. Nxd4 Kf8 22. f3 Rxe1+ 23. Rxe1 a5 24. Kf2 axb4 25. axb4 Ra4 26. Rb1 Ke7 27. h4 h5 28. Ke3 Ne8 29. Kd2 Nc7 30. Re1+ Kf6 31. Kc3 Ra7 32. Nb3 Ne6 33. g3 Rc7+ 34. Kd2 Ba4 35.
Nc1 Nd4 36. Re3 Nxc2 37. Re2 Nxb4 38. Re1 Bd7 39. Nb3 Nc6 40. f4 Na5 41. Nxa5 bxa5 42. Re5 Be6 43. Rxh5 a4 44. Rh8 Ra7 45. Bb1 a3 46.
Ba2 d4 47. Bxe6 fxe6 48. Rf8+ Ke7 49. Rg8 Kf7 50. Rc8 a2 51. Rc1 a1=Q 52. Rxa1 Rxa1 53. Kd3 Ra3+ 54. Kxd4 Rxg3 55. Ke5 Rh3 56. Ke4 Rxh4 57. Ke5 Rh5+ 0-1

[Event "Early-Titled-Tuesday-Blitz-March-19-2024"]
[Site "Chess.com"]
[Date "2024.03.19"]
[Round "7"]
[White "angelgab3"]
[Black "Arteler"]
[Result "1-0"]
[WhiteElo "2655"]
[BlackElo "2378"]
[TimeControl "180+1"]
[EndTime "9:20:06 PDT"]
[Termination "angelgab3 won on time"]

1. e4 e6 2. d4 d5 3. Nc3 Nf6 4. Bg5 Be7 5. e5 Nfd7 6. Bxe7 Qxe7 7. Nb5 Nb6 8. f4 a6 9. Na3 c5 10. c3 Nc6 11. Nf3 cxd4 12. cxd4 O-O 13. Bd3 Qb4+ 14. Qd2 Na4 15. Qxb4 Nxb4 16. Be2 Nxb2 17. Rb1 N2d3+ 18. Kd2 Nf2 19. Rxb4 Nxh1 20. Ke3 Bd7 21. Rxb7 Bb5 22. Bd1 Rfb8 23. Rxb8+ Rxb8 24. Nd2 Bf1 25. Nxf1 Rb2 26.
Nd2 Rxa2 27. Nab1 a5 28. g4 a4 29. Bf3 Ra1 30. Bxh1 a3 31. Nxa3 Rxa3+ 32. Kf2 Rd3 33.
Nf3 h6 34. Bg2 Ra3 35. Bf1 Ra2+ 36. Ke3 Ra3+ 37. Bd3 Kf8 38. h4 g6 39. Nd2 Ra1 40. f5 gxf5 41. gxf5 Rh1 42. Nf3 Rh3 43. Kf4 Kg7 44.
f6+ Kf8 45. Kg4 Rh1 46. Kh5 Rd1 47. Be2 Ra1 48. Kxh6 Ra2 49. Bd1 Ra1 50. Bc2 Ra2 51.
Bh7 Rf2 52. Ng5 Rd2 53. Bg6 fxg6 54. Kxg6 Rxd4 55. Nxe6+ Ke8 56. Nxd4 Kf8 57. e6 Ke8 58. e7 1-0

[Event "Early-Titled-Tuesday-Blitz-March-19-2024"]
[Site "Chess.com"]
[Date "2024.03.19"]
[Round "7"]
[White "nabukatnezarr"]
[Black "BardArtem"]
[Result "1-0"]
[WhiteElo "2584"]
[BlackElo "2807"]
[TimeControl "180+1"]
[EndTime "9:20:08 PDT"]
[Termination "nabukatnezarr won on time"]

1. Nf3 d5 2. g3 Nd7 3. d4 Ngf6 4. Bg2 e6 5. O-O c6 6. Nbd2 Be7 7. c3 O-O 8. Qc2 c5 9. e4 dxe4 10. Nxe4 Nxe4 11.
Qxe4 Nf6 12. Qe2 Qb6 13. a4 Bd7 14. a5 Qc7 15. Bf4 Bd6 16. Bxd6 Qxd6 17. dxc5 Qxc5 18. Ne5 Rab8 19. Rfd1 Qc7 20. Rd4 Rfc8 21. Rc4 Qd8 22. Rd1 Rxc4 23. Qxc4 Qe8 24. Nxd7 Nxd7 25. Qc7 Nf6 26.
Bxb7 h5 27. a6 h4 28. Rd4 h3 29. f3 Nd5 30. Qe5 Rd8 31. Qh5 Nf6 32. Qxh3 Rxd4 33. cxd4 Qa4 34. Qh4 Qd1+ 35. Kg2 Qe2+ 36. Kg1 Qe1+ 37. Kg2 Qe2+ 38. Kg1 Qd1+ 39. Kg2 Qd2+ 40.
Kg1 Qxb2 41. Qf4 Qb1+ 42. Kg2 Qc2+ 43. Kh3 Qh7+ 44. Qh4 Qf5+ 45. g4 Qf4 46. g5 Qf5+ 47.
Kg3 Nd5 48. Bxd5 Qxd5 49. Qf4 Qa5 50. Qb8+ Kh7 51. Qxa7 Qe1+ 52. Kg2 Qe2+ 53. Kg3 Qe1+ 54. Kf4 e5+ 55. dxe5 Qh4+ 56. Ke3 Qxh2 57. Ke4 Qc2+ 58. Kf4 Qd2+ 59. Kg3 Qe1+ 60. Kg2 Qxe5 61. Qf2 Qxg5+ 62. Kh1 Qa5 63. a7 Qa1+ 64. Kg2 Qa6 65. Qd4 Qg6+ 66. Qg4 Qc2+ 67. Kh3 Qa2 68. Qe4+ g6 69. a8=Q 1-0

[Event "Early-Titled-Tuesday-Blitz-March-19-2024"]
[Site "Chess.com"]
[Date "2024.03.19"]
[Round "7"]
[White "RebelJohnny"]
[Black "MightyGMpretender"]
[Result "1/2-1/2"]
[WhiteElo "2568"]
[BlackElo "2799"]
[TimeControl "180+1"]
[EndTime "9:20:09 PDT"]
[Termination "Game drawn by repetition"]

1. e4 e5 2. Nf3 Nc6 3. Nc3 Nge7 4.
d4 exd4 5. Nxd4 Nxd4 6. Qxd4 Nc6 7. Qd2 Be7 8. b3 O-O 9. Bb2 f5 10. O-O-O d6 11. Kb1 Bf6 12. exf5 Bxf5 13. Bd3 Qd7 14. Rhe1 Kh8 15. f3 Bxd3 16. Qxd3 Ne5 17. Qe4 c6 18. f4 Ng6 19. g3 d5 20. Qf3 Rae8 21. h4 Kg8 22. h5 Nh8 23. g4 Nf7 24. g5 Bd8 25. h6 Rxe1 26. Rxe1 Re8 27. Rd1 Qf5 28. Rf1 Bb6 29. Na4 Nxg5 30. fxg5 Qxf3 31. Rxf3 Re1+ 32. Bc1 Bd8 33. Re3 Rxe3 34. Bxe3 Kf7 35. Nc5 Bb6 36. b4 Kg6 37. Kb2 gxh6 38. gxh6 d4 39. Bxd4 Kxh6 40.
Kc3 Kg6 41. Nd7 Bc7 42. Bxa7 h5 43. Bb8 Bxb8 44. Nxb8 h4 45. Nd7 Kf5 46. Nc5 h3 47. Nd3 h2 48. Nf2 Kf4 49. Kd2 Kf3 50. Ke1 b5 51. Kf1 Kg3 52. Ke2 Kg2 53. c3 Kg3 54.
Ke3 Kg2 55. a3 Kg3 56. Ne4+ Kg2 57. Nf2 Kg3 58. Ke2 Kg2 59. Nh1 Kg1 60. Ng3 Kg2 61. Nh1 Kg1 62. Nf2 Kg2 63. Nh1 1/2-1/2

[Event "Early-Titled-Tuesday-Blitz-March-19-2024"]
[Site "Chess.com"]
[Date "2024.03.19"]
[Round "7"]
[White "martinbitel"]
[Black "jraosam"]
[Result "1-0"]
[WhiteElo "2409"]
[BlackElo "2007"]
[TimeControl "180+1"]
[EndTime "9:20:13 PDT"]
[Termination "martinbitel won by resignation"]

1. d4 Nf6 2. c4 e6 3. g3 Bb4+ 4. Bd2 Bxd2+ 5. Qxd2 O-O 6. Nc3 d5 7. Bg2 c6 8. Nf3 Nbd7 9. O-O Qe7 10. cxd5 exd5 11. e3 Re8 12. Rab1 Nb6 13. Ne5 Nfd7 14.
Nd3 Nc4 15. Qd1 Nf8 16. b3 Nb6 17. a4 Bf5 18. a5 Nbd7 19. b4 Qd6 20. b5 a6 21.
bxc6 bxc6 22. Na4 Rab8 23. Rxb8 Rxb8 24. Nac5 Bxd3 25. Nxd3 Qa3 26. Qc2 Rb3 27. Nf4 Rc3 28. Qf5 Qxa5 29. e4 g6 30. Qg5 f6 31. Qh6 dxe4 32. Bxe4 Qg5 33. Qxg5 fxg5 34. Ne2 Rc4 35. Bd3 Ra4 36. Rc1 Nb8 37. Be4 Ra2 38. Kf1 Rd2 39. Bxc6 Nxc6 40. Rxc6 a5 41. Ra6 Rd1+ 42. Kg2 Ra1 43.
Nc3 Ra3 44. Nb5 Ra2 45. d5 a4 46. d6 Kf7 47. Ra8 Nd7 48. Rd8 Ke6 49. Re8+ Kf6 50. Re7 Rb2 51. Nd4 Ne5 52. Re6+ Kf7 53. Rxe5 Rd2 54.
Rd5 Ke8 55. d7+ Kd8 56. Nc6+ Kc7 57. d8=Q+ 1-0

[Event "Early-Titled-Tuesday-Blitz-March-19-2024"]
[Site "Chess.com"]
[Date "2024.03.19"]
[Round "7"]
[White "Flawless_Fighter"]
[Black "Beca95"]
[Result "1-0"]
[WhiteElo "2855"]
[BlackElo "2968"]
[TimeControl "180+1"]
[EndTime "9:20:15 PDT"]
[Termination "Flawless_Fighter won by resignation"]

1. e4 Nc6 2. Nf3 d6 3. d4 Nf6 4. Nc3 g6 5. Be3 Bg4 6. Be2 Bxf3 7. Bxf3 e5 8. dxe5 Nxe5 9. Be2 Bg7 10. f4 Ned7 11.
Bf3 O-O 12. O-O Re8 13. Qd2 Bf8 14. Rae1 c6 15. g4 h6 16. h4 g5 17. fxg5 hxg5 18. Bxg5 Re5 19. Bf4 Qb6+ 20. Kh1 Rae8 21. g5 Nh7 22.
Bxe5 Nxe5 23. Bh5 Re7 24. Qxd6 Qxb2 25. Qd2 Rd7 26. Qe3 Bg7 27. Ne2 Nf8 28. Qb3 Qxb3 29.
axb3 Rd2 30. Ng3 Rxc2 31. Nf5 Nfg6 32. Bxg6 fxg6 33. Nxg7 Kxg7 34. Re3 Rd2 35. Kg1 Rd7 36. Rh3 Re7 37. Rf2 a5 38. Kg2 c5 39. Rc3 b6 40.
Re2 Nc6 41. Rd3 Nd4 42. Re1 Re8 43. e5 Re6 44. Re4 Kf7 45. Kg3 Ke7 46. Kg4 Rc6 47.
h5 gxh5+ 48. Kxh5 Kf7 49. Rf4+ Kg7 50. Rdxd4 cxd4 51. Rxd4 Kf7 52. Rd7+ Ke8 53. Rd6 Rc3 54. Rxb6 Rh3+ 55. Kg6 Ke7 56. Kg7 Re3 57. Rb5 Ke6 58. g6 Rg3 59. Kh7 Rh3+ 60. Kg8 Rg3 61. g7 Rg2 62. Rxa5 Rg3 63. Ra7 Kxe5 64. Kf8 1-0

[Event "Early-Titled-Tuesday-Blitz-March-19-2024"]
[Site "Chess.com"]
[Date "2024.03.19"]
[Round "7"]
[White "HamedWafa4"]
[Black "bulletteemo"]
[Result "1-0"]
[WhiteElo "2825"]
[BlackElo "2598"]
[TimeControl "180+1"]
[EndTime "9:20:20 PDT"]
[Termination "HamedWafa4 won on time"]

1. e4 c5 2. Nf3 d6 3. Bb5+ Bd7 4.
Bxd7+ Nxd7 5. O-O Ngf6 6. Re1 e6 7. c3 Be7 8. d4 O-O 9. h3 b5 10. a4 a6 11. Bf4 Qb6 12. a5 Qb7 13. Nbd2 Rac8 14.
Bh2 h6 15. Rc1 cxd4 16. cxd4 Rxc1 17. Qxc1 Rc8 18. Qb1 b4 19. Qd3 Nb8 20. Nb3 d5 21. e5 Ne4 22. Bf4 Nc6 23. Nfd2 Nxd2 24. Bxd2 Na7 25. Qg3 Kh8 26. Qf3 Kg8 27. Qg4 Kh8 28. Qh5 Bf8 29. Re3 Rc2 30. Rf3 Rc7 31. g4 Nc6 32.
Qh4 Be7 33. g5 Kg8 34. Qh5 g6 35. Qxh6 Bf8 36. Qh4 Qb5 37. Qg4 Qe2 38. h4 Nxa5 39.
Nxa5 Qxd2 40. Nb3 Qd1+ 41. Kg2 Qc2 42. h5 a5 43. hxg6 Qxg6 44. Nxa5 Rc1 45. Qf4 Rb1 46. b3 Be7 47. Rg3 Re1 48. Nc6 Bf8 49. Qf6 Qh5 50. Rh3 Qg4+ 51. Rg3 Qh5 52. Rh3 Qg4+ 53.
Rg3 Qe4+ 54. Qf3 Qg6 55. Nd8 Qh7 56. Rh3 Qg6 57. Nxf7 Bg7 58. Nd6 Qxg5+ 59. Rg3 Qh6 60. Qf7+ Kh8 61. Rh3 Rg1+ 62. Kxg1 Qxh3 63. Qg6 Kg8 64.
Nf7 Qf3 65. Ng5 Kh8 66. Nxf3 1-0

[Event "Early-Titled-Tuesday-Blitz-March-19-2024"]
[Site "Chess.com"]
[Date "2024.03.19"]
[Round "7"]
[White "Orest_Vovk"]
[Black "Alexei_Gubajdullin"]
[Result "0-1"]
[WhiteElo "2525"]
[BlackElo "2655"]
[TimeControl "180+1"]
[EndTime "9:20:20 PDT"]
[Termination "Alexei_Gubajdullin won on time"]

1. h4 d5 2. h5 h6 3. e4 dxe4 4. Nc3 Nf6 5. Qe2 Nc6 6. Nxe4 Nd4 7. Nxf6+ gxf6 8. Qd1 Bf5 9. d3 Rg8 10. Be3 e5 11. c3 Ne6 12. Qb3 Qc8 13. O-O-O Bc5 14. Bxc5 Nxc5 15. Qb5+ Nd7 16. d4 c6 17. Qe2 Qc7 18. d5 cxd5 19. Rxd5 O-O-O 20. Rh4 Nb6 21.
Ra5 Bd3 22. Qe1 Nc4 23. Rxa7 Qb6 24. Rxc4+ Bxc4 25. Ra8+ Kc7 26. Rxd8 Kxd8 27. Bxc4 Rxg2 28.
Ne2 Qxf2 29. Qd2+ Ke7 30. Qd3 f5 31. Kc2 Qc5 32. b4 Qc6 33. Kb3 e4 34. Qd4 b5 35.
Qe5+ Kf8 36. Bxb5 Qe6+ 37. Qxe6 fxe6 38. Nf4 Rf2 39. Nxe6+ Ke7 40. Nd4 f4 41. a4 f3 42. a5 Rg2 43. a6 Rg8 44. Nf5+ Kf6 45. Nxh6 Ra8 46. Ng4+ Kg5 47. Ne3 f2 48. Ka4 Kf4 49.
Nf1 e3 50. Nxe3 Kxe3 51. h6 Rb8 52. a7 Ra8 53. Kb3 Rxa7 54. Bc4 Rc7 55. Bb5 Rb7 56. Bc4 Rh7 57. b5 Rxh6 58. Bf1 Rd6 59. Bc4 Rd3 60. Kb4 f1=Q 61. Bxd3 Qxd3 62. c4 Qd2+ 63. Kc5 Qd4+ 64. Kc6 Qxc4+ 65. Kb6 Kd4 66. Ka5 Kc5 0-1

[Event "Early-Titled-Tuesday-Blitz-March-19-2024"]
[Site "Chess.com"]
[Date "2024.03.19"]
[Round "7"]
[White "Witik"]
[Black "guillembaches"]
[Result "1-0"]
[WhiteElo "2755"]
[BlackElo "2565"]
[TimeControl "180+1"]
[EndTime "9:20:21 PDT"]
[Termination "Witik won on time"]

1. d4 d5 2. c4 e6 3. Nf3 a6 4. b3 Nf6 5. e3 Be7 6. Bd3 dxc4 7.
bxc4 c5 8. O-O O-O 9. Bb2 Nc6 10. Nc3 b6 11. Qe2 Bb7 12. Rad1 Qc7 13. Bb1 Rad8 14. d5 exd5 15. Nxd5 Nxd5 16. cxd5 Na5 17. e4 c4 18. Bc3 b5 19. e5 Bxd5 20. Rxd5 Rxd5 21. Qe4 g6 22. Qxd5 Rd8 23. Qe4 b4 24. Bd4 Qc6 25. Qg4 Qe6 26. Qf4 Nc6 27. Be3 c3 28. h4 a5 29. Be4 a4 30. Ng5 Bxg5 31. Qxg5 f6 32. Qxf6 Qxf6 33. exf6 Ne5 34. Rc1 Kf7 35. Bc5 b3 36.
axb3 axb3 37. Rxc3 Rd1+ 38. Kh2 b2 39. Rb3 Rd2 40.
Kg3 Kxf6 41. Ba3 Nc4 42. Bb4 Rd4 43. Bb1 Rd1 44. Bc3+ Ke6 45. Ba2 Rc1 46. Rb6+ Kf5 47. Bxc4 Rxc3+ 48. f3 Rxc4 49. Rxb2 Ra4 50. Rb7 h6 51.
Rh7 g5 52. Rxh6 g4 53. Rh5+ Kg6 54. Rg5+ Kh6 55. Rxg4 Ra1 56. Re4 Rh1 57. Kg4 Rd1 58.
Re6+ Kg7 59. g3 Kf7 60. Re4 Rd5 61. f4 Kf6 62. h5 Ra5 63. Rb4 Ra1 64. Rb6+ Kg7 65.
Kg5 Ra5+ 66. f5 Ra3 67. Rb7+ Kg8 68. g4 Ra6 69. f6 Rc6 70. Kg6 Rc8 71. Rg7+ Kh8 72.
Rh7+ 1-0

[Event "Early-Titled-Tuesday-Blitz-March-19-2024"]
[Site "Chess.com"]
[Date "2024.03.19"]
[Round "7"]
[White "UNSTOPPABLE_LEGEND"]
[Black "Fh2411"]
[Result "1-0"]
[WhiteElo "2512"]
[BlackElo "2619"]
[TimeControl "180+1"]
[EndTime "9:20:23 PDT"]
[Termination "UNSTOPPABLE_LEGEND won on time"]

1. d4 Nf6 2. Bf4 d5 3. e3 c5 4. Nf3 Nc6 5. Nbd2 cxd4 6. exd4 Bg4 7. c3 e6 8. h3 Bf5 9. Bb5 Bd6 10. Bxd6 Qxd6 11. Ne5 O-O 12. Bxc6 bxc6 13. Nb3 Rfb8 14. Qe2 Ne4 15. Nd3 a5 16. O-O a4 17. Nbc5 Nf6 18.
b4 a3 19. Rac1 Bxd3 20. Qxd3 e5 21. dxe5 Qxe5 22. Rfe1 Qd6 23. Qd4 h6 24. g3 Re8 25.
Kg2 Qc7 26. Rcd1 Qb6 27. Qd3 Qa7 28. Qd2 Ne4 29. Nxe4 dxe4 30. Qe3 Qa4 31. Rd4 Qc2 32. Re2 Qb1 33. Rxe4 Red8 34. Rd4 f5 35. Qe6+ Kh8 36. Qxc6 Rac8 37. Rxd8+ Rxd8 38. Re8+ Rxe8 39. Qxe8+ Kh7 40.
Qe2 Qc1 41. Qd3 Kg6 42. g4 Kh7 43. Qxf5+ Kh8 44. Qf8+ Kh7 45. Qf5+ Kh8 46. Qd3 Qb2 47. Qc4 Kh7 48. b5 Kh8 49. Qd5 Kh7 50. Qe4+ Kh8 51.
Qc6 Qxa2 52. b6 Qb2 53. b7 a2 54. Qc8+ Kh7 55. Qf5+ Kh8 56. Qf8+ Kh7 57. Qf5+ Kh8 58. Qc8+ Kh7 59. b8=Q Qxb8 60. Qxb8 a1=Q 61. Qg3 Qa8+ 62. Qf3 Qa3 63. Qe4+ Kh8 64. c4 Qc3 65. Qd5 Kh7 66.
c5 1-0

[Event "Early-Titled-Tuesday-Blitz-March-19-2024"]
[Site "Chess.com"]
[Date "2024.03.19"]
[Round "7"]
[White "Firouzja2003"]
[Black "DenLaz"]
[Result "1/2-1/2"]
[WhiteElo "3097"]
[BlackElo "3097"]
[TimeControl "180+1"]
[EndTime "9:20:26 PDT"]
[Termination "Game drawn by repetition"]

1. Nf3 d5 2. g3 Nf6 3. Bg2 e6 4. O-O Be7 5. d3 O-O 6. Nbd2 Nc6 7. d4 Ne4 8. c3 f5 9. Ne1 e5 10. dxe5 Nxe5 11. Ndf3 Ng6 12. Nd3 c6 13. Nd4 Bd6 14. Qb3 Kh8 15. c4 dxc4 16. Qxc4 Qe7 17.
b3 Bd7 18. Bb2 Nd2 19. Qc2 Nxf1 20. Rxf1 Ne5 21. Nf4 Rae8 22. e3 Ng4 23. h3 Nh6 24.
Rd1 Be5 25. Qc1 Nf7 26. Ba3 Bd6 27. Bb2 Bc8 28. h4 Ne5 29. h5 Ng4 30. Nf3 Rd8 31. Re1 Bb4 32. Rf1 Bd6 33. Re1 Bd7 34. Nh4 Qf7 35.
Bf1 b5 36. Rd1 Be7 37. Nf3 Bf6 38. Ba3 Rfe8 39. Qc5 a5 40. Qb6 Ne5 41. Bg2 Nxf3+ 42. Bxf3 Be5 43. Qxa5 Bxf4 44. exf4 Ra8 45. Qb4 h6 46.
Bb2 Rxa2 47. Be5 Be6 48. Rd6 Qa7 49. Qd4 Qxd4 50. Bxd4 Rc2 51. Be5 Kg8 52. Bxc6 Re7 53. Bxb5 Bxb3 54. Bd3 Rc1+ 55. Kg2 Be6 56. Kf3 Kf7 57.
Kg2 Rd7 58. Rxd7+ Bxd7 59. f3 Be6 60. Kf2 Rd1 61. Be2 Rb1 62. g4 Rb3 63. g5 Kg8 64. g6 Ra3 65. Bf1 Ra2+ 66. Kg3 Rc2 67. Bd3 Rd2 68.
Bb5 Ra2 69. Bf1 Ra3 70. Bb5 Bd5 71. Be2 Re3 72. Kf2 Ra3 73. Kg3 Ra2 74. Bd3 Be6 75. Bf1 1/2-1/2

[Event "Early-Titled-Tuesday-Blitz-March-19-2024"]
[Site "Chess.com"]
[Date "2024.03.19"]
[Round "7"]
[White "madmax011"]
[Black "Kotlyar_K"]
[Result "1/2-1/2"]
[WhiteElo "2330"]
[BlackElo "2610"]
[TimeControl "180+1"]
[EndTime "9:20:29 PDT"]
[Termination "Game drawn - insufficient material"]

1. d4 Nf6 2. c4 g6 3. Nc3 d5 4. cxd5 Nxd5 5. Bd2 Bg7 6. e4 Nxc3 7.
Bxc3 c5 8. d5 Bxc3+ 9. bxc3 O-O 10. Nf3 Qa5 11. Qd2 Rd8 12. c4 Qc7 13. Be2 b5 14. cxb5 e6 15. O-O Bb7 16. Bc4 exd5 17. exd5 Nd7 18. d6 Qb6 19. Qf4 Rf8 20. Ng5 Kg7 21.
Bxf7 Bd5 22. Qd2 Bxf7 23. Qb2+ Kg8 24. Rad1 Rae8 25. Rfe1 Rxe1+ 26. Rxe1 Qxd6 27. Ne4 Qd4 28. Qc2 Bd5 29. h3 c4 30. Kh1 Qd3 31. Qxd3 cxd3 32. Nc3 Bc4 33. Re4 Nb6 34. Rd4 Re8 35. a4 Re1+ 36.
Kh2 Rc1 37. Ne4 Nxa4 38. Rd7 Kf8 39. Nf6 Bf7 40. Rxd3 Rb1 41. Rd7 Rxb5 42. Rxa7 Nc5 43. Nxh7+ Kg7 44. Ng5 Rb7 45. Rxb7 Nxb7 46. Nxf7 Kxf7 47.
Kg3 Kf6 48. Kg4 Nc5 49. h4 Nd7 50. f4 Nb6 51. h5 Nd5 52. hxg6 Kxg6 53. g3 Kf6 54. Kf3 Ne7 55. g4 Kg6 56. Ke4 Kf6 57. g5+ Kg6 58. Ke5 Nf5 59. Ke6 Nh4 60. Ke5 Nf5 61.
Ke6 Nh4 62. Ke5 Ng2 63. f5+ Kxg5 64. f6 Nf4 65. f7 Ng6+ 66. Ke6 Kh6 67. Kf6 Kh7 68.
Kg5 Kg7 69. f8=Q+ Nxf8 1/2-1/2